 Dungeon Crawl Stone Soup version 0.30.1-8-g117510f58f (webtiles) character file.

Game seed: 8233341381323943081

11101 Danienth the Carver (level 11, -3/99 HPs)
             Began as a Minotaur Berserker on Sept 22, 2023.
             Was a Priest of Trog.
             Slain by an elephant (8 damage)
             ... on level 2 of the Lair of Beasts.
             The game lasted 00:41:57 (10829 turns).

Danienth the Carver (Minotaur Berserker)           Turns: 10829, Time: 00:41:59

Health: -3/99      AC: 11    Str: 28    XL:     11   Next: 44%
Magic:  10/10      EV: 15    Int:  8    God:    Trog [***...]
Gold:   689        SH: 17    Dex: 16    Spells: 10/10 levels left

rFire   . . .        a - +5 falchion
rCold   . . .        z - +0 tower shield
rNeg    . . .        f - +3 leather armour
rPois   .            (helmet restricted)
rElec   .            (no cloak)
rCorr   .            G - +0 pair of gloves
SInv    .            u - +1 pair of boots
Will    ++...        (no amulet)
Stlth   ++           c - +6 ring of dexterity
HPRegen 1.36/turn    p - +6 ring of strength
MPRegen 0.12/turn

%: no passive effects
@: strong-willed, on berserk cooldown, regenerating, slowed, very slow
A: horns 2, retaliatory headbutt
a: Renounce Religion, Berserk, Trog's Hand


You were on level 2 of the Lair of Beasts.
You worshipped Trog.
Trog was most pleased with you.
You visited 3 branches of the dungeon, and saw 12 of its levels.

You collected 689 gold pieces.

Inventory:

Hand Weapons
 a - a +5 falchion (weapon)
 v - a +3 falchion
Missiles
 w - 4 boomerangs
 C - a silver boomerang
Armour
 b - a +1 animal skin
 f - a +3 leather armour (worn)
 j - a +0 leather armour of willpower
 u - a +1 pair of boots (worn)
 y - a +0 leather armour of fire resistance
 z - a +0 tower shield (worn)
 G - a +0 pair of gloves (worn)
Jewellery
 c - a +6 ring of dexterity (left hand)
 h - a ring of flight
 o - a ring of positive energy
 p - a +6 ring of strength (right hand)
Wands
 i - a wand of mindburst (38)
 k - a wand of polymorph (15)
 B - a wand of quicksilver (11) (quivered)
Scrolls
 e - 2 scrolls of fear
 g - 2 scrolls of noise
 x - a scroll of blinking
 I - a scroll of immolation
Potions
 l - a potion of magic
 m - a potion of mutation {unknown}
 n - 2 potions of lignification {unknown}
 q - a potion of cancellation
 r - 2 potions of flight
 s - a potion of invisibility {unknown}
 t - a potion of might {unknown}
 A - a potion of berserk rage {unknown}
 D - a potion of attraction {unknown}
 E - a potion of degeneration {unknown}
 H - a potion of brilliance {unknown}
 J - a potion of resistance
Miscellaneous
 K - a lightning rod (4/4)


   Skills:
 + Level 9.7 Fighting
 + Level 10.4 Long Blades
 * Level 9.1 Armour
 - Level 10.2 Dodging
 - Level 1.0 Stealth
 - Level 10.2 Shields
 - Level 1.3 Evocations


You had 10 spell levels left.
You didn't know any spells.
Your spell library was empty.

Dungeon Overview and Level Annotations

Branches:
Dungeon (9/15)             Temple (1/1) D:7            Lair (2/5) D:9
 Shoals (0/4) Lair:2
  Snake: Lair:2-3    Spider: Lair:2-3       Orc: D:9-12

Altars:
Ashenzari
Cheibriados
Dithmenos
Elyvilon
Fedhas
Gozag
Hepliaklqana
Kikubaaqudgha
Makhleb
Nemelex Xobeh
Okawaru
Ru
Sif Muna
Trog
Uskayaw
Vehumet
Wu Jian
Xom
Yredelemnul
Zin
The Shining One

Annotations:
D:9 2 transporters


Innate Abilities, Weirdness & Mutations

You have a pair of horns on your head.
You reflexively headbutt those who attack you in melee.


Message History

* * * LOW HITPOINT WARNING * * *
You block the yak's attack. x2; The elephant barely misses you.
The elephant trunk-slaps you.
* * * LOW HITPOINT WARNING * * *
You feel better. You block the elephant's attack.
The elephant trunk-slaps you but does no damage.
You block the elephant's attack. x2; The yak misses you.
You furiously retaliate!
You headbutt the yak! The yak barely misses you.
The elephant barely misses you.
The elephant trunk-slaps you but does no damage.
You block the elephant's attack. x2; The elephant tramples you!
* * * LOW HITPOINT WARNING * * *
You stumble backwards!
Hit: a) +5 falchion
Press: ? - help, Dir - move target, f - elephant
Aim: an elephant (about 8% to evade your +5 falchion)
You slash the elephant!
The elephant is lightly wounded.
You block the elephant's attack.
The elephant trunk-slaps you but does no damage.
The yak barely misses you.
Okay, then.
Your skin crawls.
You feel strong-willed.
You can no longer call in reinforcements.
You block the yak's attack. The yak gores you.
* * * LOW HITPOINT WARNING * * *
You block the yak's attack. The yak gores you.
* * * LOW HITPOINT WARNING * * *
You block the elephant's attack. The elephant trunk-slaps you.
* * * LOW HITPOINT WARNING * * *
The yak misses you. You furiously retaliate!
You headbutt the yak!
You are too injured to fight recklessly!
Hit: a) +5 falchion
Press: ? - help, Dir - move target, f/p - elephant
Aim: an elephant (lightly wounded, about 8% to evade your +5 falchion)
You slash the elephant!
The elephant is moderately wounded.
You block the yak's attack. The elephant tramples you!
You die...

... ..... ########.....
##.#P#........
##.............
####..............
#P#...............
###YYY.............. ##
#..@YY..............
#.##...Y.#.............
#.......#......#.†.#..
##...........#####..#
##...>......### ....#
##......>...## .....
#..........## #....
##..........# ....
####.........### ....


You could see 2 elephants and 4 yaks.

Vanquished Creatures
  A two-headed ogre (D:9)
  3 death yaks (D:9)
  3 harpies (Lair:2)
  3 elephants (Lair:2)
  Joseph (D:9)
  A cane toad (Lair:1)
  A rime drake (Lair:1)
  A komodo dragon (Lair:1)
  A hornet (D:8)
  3 blink frogs (Lair:1)
  A shadow (D:9)
  A wyvern (Lair:1)
  6 yaks (Lair:1)
  A basilisk (Lair:1)
  3 water moccasins
  4 orc warriors
  2 sky beasts
  2 ice beasts
  2 ogres
  3 centaurs
  A phantom (D:6)
  3 bullfrogs
  3 scorpions
  7 wights
  3 killer bees (D:7)
  3 hounds (D:6)
  A jelly (D:5)
  2 orc priests (D:8)
  A sleepcap (D:5)
  Ijyb (D:4)
  3 iguanas
  9 orc wizards
  Natasha (twice) (D:2)
  3 hell rats (D:9)
  Robin (D:2)
  7 gnolls
  2 river rats (D:9)
  5 adders
  2 white imps
  2 ufetubi (D:5)
  2 worms
  2 dart slugs
  21 orcs
  3 ball pythons
  2 endoplasms (D:1)
  4 giant cockroaches
  17 goblins
  5 hobgoblins (D:2)
  5 quokkas
  4 bats
  A frilled lizard (D:3)
  6 kobolds
  7 rats
183 creatures vanquished.

Vanquished Creatures (others)
  An orc wizard (D:4)
1 creature vanquished.

Grand Total: 184 creatures vanquished

Notes
Turn   | Place    | Note
-------+----------+-------------------------------------------
     0 | D:1      | Danienth the Minotaur Berserker began the quest for the
                  | Orb.
     0 | D:1      | Reached XP level 1. HP: 19/19 MP: 0/0
   188 | D:1      | Found a faded altar of an unknown god.
   364 | D:1      | Reached XP level 2. HP: 27/27 MP: 1/1
   723 | D:3      | Noticed a scorpion
   728 | D:3      | Killed a scorpion
   729 | D:3      | Reached skill level 5 in Long Blades
   729 | D:3      | Reached XP level 3. HP: 31/34 MP: 2/2
   729 | D:3      | Reached XP level 4. HP: 37/41 MP: 3/3
   943 | D:4      | Found an ornate altar of the Wu Jian Council.
   943 | D:4      | Found an iron altar of Okawaru.
  1018 | D:4      | Noticed Ijyb
  1028 | D:4      | Killed Ijyb
  1297 | D:4      | Reached skill level 5 in Fighting
  1297 | D:4      | Reached XP level 5. HP: 28/48 MP: 4/4
  1693 | D:5      | Entered Level 5 of the Dungeon
  1696 | D:5      | Noticed an ogre
  1703 | D:5      | Killed an ogre
  1704 | D:5      | Reached XP level 6. HP: 31/56 MP: 5/5
  3164 | D:3      | Reached ** piety under Trog
  3200 | D:3      | Found a white marble altar of Elyvilon.
  3233 | D:3      | Found a shadowy altar of Dithmenos.
  3341 | D:3      | Found a hide-covered altar of Uskayaw.
  3491 | D:3      | Found a basalt altar of Yredelemnul.
  4020 | D:2      | Noticed Robin
  4025 | D:2      | Killed Robin
  4075 | D:2      | Noticed Natasha
  4089 | D:2      | Killed Natasha
  4090 | D:2      | Reached XP level 7. HP: 53/62 MP: 6/6
  4241 | D:2      | Noticed Natasha
  4247 | D:2      | Killed Natasha
  4570 | D:6      | Found a radiant altar of Vehumet.
  4595 | D:6      | Reached *** piety under Trog
  4717 | D:6      | Reached skill level 1 in Stealth
  5006 | D:6      | Reached XP level 8. HP: 71/71 MP: 7/7
  5006 | D:6      | Upgraded the game from 0.30.1-6-gbe392663c4 to
                  | 0.30.1-8-g117510f58f
  5036 | D:6      | Found an opulent altar of Gozag.
  5550 | D:7      | Found a glowing golden altar of the Shining One.
  5664 | D:7      | Reached skill level 1 in Shields
  5729 | D:7      | Found a broken altar of Ashenzari.
  5862 | D:7      | Found a staircase to the Ecumenical Temple.
  6079 | D:7      | Reached skill level 5 in Armour
  6315 | D:7      | Found a bloodstained altar of Trog.
  6404 | Temple   | Entered the Ecumenical Temple
  6879 | D:8      | Found a glowing silver altar of Zin.
  6929 | D:8      | Reached XP level 9. HP: 83/83 MP: 8/8
  6931 | D:8      | Reached skill level 5 in Shields
  7038 | D:8      | Paralysed by a hornet for 1 turns
  7952 | D:9      | Noticed Joseph
  7970 | D:9      | Killed Joseph
  8166 | D:9      | Reached skill level 5 in Dodging
  8252 | D:9      | Noticed a death yak
  8261 | D:9      | Killed a death yak
  8261 | D:9      | Noticed a death yak
  8264 | D:9      | Noticed a death yak
  8274 | D:9      | Killed a death yak
  8275 | D:9      | Reached XP level 10. HP: 88/91 MP: 9/9
  8282 | D:9      | Killed a death yak
  8551 | D:9      | Found a staircase to the Lair.
  8649 | D:9      | Found a transporter.
  8729 | D:9      | Found a transporter.
  8745 | D:9      | Reached **** piety under Trog
  9084 | D:9      | Noticed a two-headed ogre
  9119 | D:9      | Killed a two-headed ogre
  9120 | D:9      | Reached skill level 10 in Dodging
  9120 | D:9      | Reached skill level 1 in Evocations
  9810 | Lair:1   | Entered Level 1 of the Lair of Beasts
  9842 | Lair:1   | Reached skill level 10 in Shields
  9976 | Lair:1   | Noticed a cane toad
  9981 | Lair:1   | Killed a cane toad
 10091 | Lair:1   | Reached XP level 11. HP: 89/97 MP: 10/10
 10695 | Lair:2   | Noticed a harpy
 10695 | Lair:2   | Noticed a harpy
 10695 | Lair:2   | Found a staircase to the Shoals.
 10696 | Lair:2   | Noticed a harpy
 10704 | Lair:2   | Killed a harpy
 10705 | Lair:2   | Killed a harpy
 10707 | Lair:2   | Killed a harpy
 10805 | Lair:2   | Reached skill level 10 in Long Blades
 10828 | Lair:2   | HP: 4/99 [yak (6)]
 10829 | Lair:2   | Slain by an elephant

Illustrated notes

Levels and vault maps discovered:
D:1:      saegor_arrival_simple_c, layout_loops_ring,
          ebering_ecumenical_altar_box
D:2:      layout_basic, minmay_misc_feat_encased, kennysheep_generic_room_3,
          uniq_robin, uniq_natasha
D:3:      layout_loops_corners, grunt_dithmenos_smoke, kennysheep_ying_yang,
          nicolae_uskayaw_dance_hall
D:4:      kennysheep_spiral_hall, layout_basic,
          gammafunk_temple_overflow_elements, uniq_ijyb
D:5:      layout_loops_ring
D:6:      layout_loops_corners, grunt_gozag_breadcrumbs,
          nicolae_vehumet_altar_sigil, dreamdust_gnoll_farm
D:7:      layout_loops_ring, kennysheep_mini, trog_book,
          mainiacjoe_overflow_boulevard, minmay_temple_entry_stoned_glass
D:8:      layout_basic, marbit_many_paths
D:9:      gammafunk_steamed_eel, layout_stronghold, dpeg_lair_monsters,
          uniq_joseph
Temple:   hellmonk_temple_rainy
Lair:1:   layout_gridlike, st_stairs_10
Lair:2:   layout_hall_layers, nicolae_shoals_entry_roost,
          nicolae_snake_entry_warm_welcome, lemuel_fruit_fields

Skill      XL: |  1  2  3  4  5  6  7  8  9 10 11 |
---------------+----------------------------------+-----
Long Blades    | 5 6 7 8 10 | 10.4
Fighting       | 4 5 6 9 |  9.7
Armour         | 3 4 5 6 7 9 |  9.1
Dodging        | 4 8 10 | 10.2
Stealth        | 1 |  1.0
Shields        | 4 8 10 | 10.2
Evocations     | 1 |  1.3

Action                     |  1- 3 |  4- 6 |  7- 9 | 10-12 || total
---------------------------+-------+-------+-------+-------++-------
  Melee: Falchion          |    23 |   153 |   229 |   184 ||   589
         Headbutt          |     3 |    25 |    57 |    54 ||   139
 Invoke: Berserk           |       |     3 |     3 |     3 ||     9
         Trog's Hand       |       |       |     1 |     4 ||     5
  Evoke: Wand              |       |       |       |     9 ||     9
    Use: Scroll            |     1 |    11 |     9 |     5 ||    26
         Potion            |       |     4 |     2 |     6 ||    12
   Stab: Sleeping          |     2 |       |     2 |       ||     4
         Distracted        |       |       |       |     1 ||     1
 Armour: Animal skin       |     1 |       |       |       ||     1
         Leather armour    |     2 |    60 |    57 |    52 ||   171
  Dodge: Dodged            |    11 |    87 |    88 |   106 ||   292
  Block: Tower shield      |       |       |   130 |   165 ||   295
